 Dungeon Crawl Stone Soup version 0.29-a0-283-ga02f740833 (webtiles) character file.

Game seed: 13813918681728936995

1683 Armakuni the Skirmisher (level 9, -2/57 (68) HPs)
             Began as a Human Wanderer on Mar 13, 2022.
             Was an Initiate of Elyvilon.
             Splashed by a jelly's acid (9 damage)
             ... on level 4 of the Dungeon.
             The game lasted 00:14:37 (5673 turns).

Armakuni the Skirmisher (Human Wanderer)            Turns: 5673, Time: 00:14:37

HP:   -2/57 (68)    AC: -1    Str: 22    XL:     9   Next: 22%
MP:   12/12         EV: 10    Int: 11    God:    Elyvilon [......]
Gold: 279           SH:  0    Dex: 15    Spells: 8/8 levels left

rFire   . . .      SeeInvis .   a - +5 short sword
rCold   . . .      Faith    +   (no shield)
rNeg    . . .      Spirit   .   h - +0 ring mail
rPois   +          Reflect  .   j - +0 helmet
rElec   .          Harm     .   n - +2 cloak of the Spider Nest {+Inv}
rCorr   .          Rampage  .   i - +0 pair of gloves
Will    .....                   (no boots)
Stlth   +.........              U - amulet of faith
HPRegen 0.19/turn               V - +6 ring of strength
MPRegen 0.13/turn               P - ring of poison resistance

@: corroded, heavily drained
A: no striking features
a: Renounce Religion, Evoke Invisibility


You were on level 4 of the Dungeon.
You worshipped Elyvilon.
Elyvilon was noncommittal.
You visited 2 branches of the dungeon, and saw 7 of its levels.

You collected 345 gold pieces.
You spent 66 gold pieces at shops.

Inventory:

Hand Weapons
 a - a +5 short sword (weapon)
Armour
 h - a +0 ring mail (worn)
 i - a +0 pair of gloves (worn)
 j - a +0 helmet (worn)
 n - the +2 cloak of the Spider Nest (worn) {+Inv}
   (You found it on level 3 of the Dungeon)

   +Inv:      It lets you turn invisible.
Magical Staves
 b - a staff of conjuration
 l - a staff of fire
Jewellery
 I - a ring of see invisible
 P - a ring of poison resistance (right hand)
 U - an amulet of faith (around neck)
 V - a +6 ring of strength (left hand)
Wands
 k - a wand of digging (10)
Scrolls
 f - a scroll of amnesia
 s - 2 scrolls of vulnerability
 v - a scroll of teleportation {unknown}
Potions
 e - a potion of curing
 g - a potion of brilliance
 o - a potion of haste
 t - a potion of invisibility
 u - a potion of berserk rage


   Skills:
 - Level 5.0 Fighting
 - Level 4.0 Short Blades
 - Level 3.0 Axes
 - Level 5.0 Staves
 - Level 1.0 Armour
 - Level 5.0 Conjurations
 + Level 4.9 Invocations
 - Level 5.0 Evocations


You had 8 spell levels left.
You didn't know any spells.
Your spell library contained the following spells:

 Spells                   Type           Power      Damage    Failure   Level
 Hailstorm                Conj/Ice       5%         3d4       90%         4
 Ice Form                 Ice/Tmut       0%         N/A       99%         4
 Simulacrum               Ice/Necr       0%         N/A       100%        6


Dungeon Overview and Level Annotations

Branches:
Dungeon (6/15)             Temple (1/1) D:4

Altars:
Ashenzari
Dithmenos
Elyvilon
Fedhas
Kikubaaqudgha
Makhleb
Qazlal
Sif Muna
Uskayaw
Vehumet
Wu Jian
Xom
Yredelemnul
Zin
The Shining One

Shops:
D:3 *


Message History

There is a stone staircase leading up here.
The orc hits you but does no damage. The jelly closely misses you.
The orc barely misses you.
You climb upwards.
There is a stone staircase leading down here.
You hit the jelly.
Your hands burn!
The jelly is lightly wounded.
The jelly hits you but does no damage.
You hit the jelly.
Your hands burn!
The jelly is moderately wounded.
The jelly hits you but does no damage.
You puncture the jelly! The acid corrodes you!
Your hands burn!
You punch the jelly.
The jelly is heavily wounded.
The jelly closely misses you.
You hit the jelly. The acid corrodes you!
Your hands burn!
The jelly is heavily wounded.
The jelly closely misses you.
You completely miss the jelly.
The jelly is heavily wounded.
The jelly hits you but does no damage.
You hit the jelly.
Your hands burn!
The jelly is heavily wounded.
You hit the jelly but do no damage.
Your hands burn!
The jelly is heavily wounded.
The jelly hits you.
You are splashed with acid!
You hit the jelly. The acid corrodes you!
Your hands burn!
The jelly is severely wounded.
The jelly barely misses you.
You hit the jelly but do no damage.
Your hands burn!
The jelly is severely wounded.
The jelly hits you. The acid corrodes you!
You are splashed with acid!
* * * LOW HITPOINT WARNING * * *
You hit the jelly.
Your hands burn!
* * * LOW HITPOINT WARNING * * *
The jelly is severely wounded.
The jelly hits you.
* * * LOW HITPOINT WARNING * * *
You are splashed with acid!
You die...

.########### ##.###. ...........#
#...#.. ..########.#######
#.⌠.#.⌠ .......# #.......#
#)..#.. ..####.#########.##
####### .####...#######...###
#..# #. .##...............).#
####..###.
[##.#...#######..)#)####.........
.##.##..........@##..........####
...#.....######.J#######.###.#
###.##..............####.###.#
<...###..######..##..........#
##...##..# #..##......#####
##.......# ###..##.######
##...###.# #....##.# ....####.#
#.#.###.# .........# #.#.# #.#


You could see a jelly.

Vanquished Creatures
  A two-headed ogre (D:5)
  Grinder (D:3)
  3 water moccasins
  An ogre (D:4)
  A centaur (D:5)
  A phantom (D:5)
  A scorpion (D:3)
  A necrophage (D:4)
  A jelly (D:5)
  4 hounds
  2 orc priests
  3 adders
  3 dart slugs
  9 orcs
  3 ball pythons
  8 endoplasms
  5 giant cockroaches
  11 goblins
  8 hobgoblins
  3 jackals (D:2)
  10 quokkas
  8 bats
  5 frilled lizards
  8 kobolds
  11 rats
  A spectral hobgoblin (D:3)
113 creatures vanquished.

Vanquished Creatures (collateral kills)
  A worm (D:5)
1 creature vanquished.

Vanquished Creatures (others)
  A jelly (D:5)
1 creature vanquished.

Grand Total: 115 creatures vanquished

Notes
Turn   | Place    | Note
-------+----------+-------------------------------------------
     0 | D:1      | Armakuni the Human Wanderer began the quest for the Orb.
     0 | D:1      | Armakuni set off with the following items: a +3 short
                  | sword, a +0 hand axe, a potion of invisibility, a +0
                  | leather armour
     0 | D:1      | Reached XP level 1. HP: 16/16 MP: 1/1
   167 | D:1      | Reached XP level 2. HP: 21/23 MP: 2/2
   383 | D:1      | Reached XP level 3. HP: 29/29 MP: 3/3
   624 | D:1      | Reached skill level 1 in Staves
  1098 | D:2      | Reached XP level 4. HP: 29/35 MP: 4/4
  1666 | D:3      | Found Gowi's Assorted Antiques.
  1672 | D:3      | Bought a white potion for 22 gold pieces
  1672 | D:3      | Bought a white potion for 22 gold pieces
  1672 | D:3      | Bought a murky dark potion for 22 gold pieces
  1690 | D:3      | Noticed Grinder
  1707 | D:3      | Paralysed by Grinder for 6 turns
  1716 | D:3      | Paralysed by Grinder for 7 turns
  1729 | D:3      | Killed Grinder
  1730 | D:3      | Reached XP level 5. HP: 24/43 MP: 5/5
  1730 | D:3      | Reached XP level 6. HP: 28/49 MP: 6/6
  2078 | D:3      | Found a faded altar of an unknown god.
  2467 | D:3      | Found a glowing silver altar of Zin.
  2468 | D:3      | Noticed an angel
  2527 | D:3      | Identified the +2 cloak of the Spider Nest {+Inv}
  2562 | D:3      | Reached skill level 5 in Fighting
  2562 | D:3      | Reached XP level 7. HP: 54/56 MP: 7/7
  2710 | D:4      | Noticed a water moccasin
  2835 | D:4      | Reached skill level 5 in Staves
  2835 | D:4      | Reached skill level 1 in Evocations
  2944 | D:4      | Reached skill level 1 in Conjurations
  3300 | D:4      | Found a staircase to the Ecumenical Temple.
  3306 | Temple   | Entered the Ecumenical Temple
  3367 | Temple   | Became a worshipper of Elyvilon the Healer
  3498 | D:4      | Killed a water moccasin
  3499 | D:4      | Reached XP level 8. HP: 62/62 MP: 8/8
  3868 | D:5      | Entered Level 5 of the Dungeon
  3903 | D:5      | Found a shimmering altar of Xom.
  4030 | D:5      | Was placed under penance by Elyvilon
  4159 | D:5      | Noticed a two-headed ogre
  4287 | D:5      | HP: 2/62 [acid (5)]
  4288 | D:5      | Elyvilon protects you from harm!
  5012 | D:6      | Was forgiven by Elyvilon
  5075 | D:5      | Killed a two-headed ogre
  5076 | D:5      | Reached skill level 5 in Conjurations
  5076 | D:5      | Reached skill level 5 in Evocations
  5076 | D:5      | Reached XP level 9. HP: 13/68 MP: 8/12
  5673 | D:4      | Splashed by a jelly's acid

Illustrated notes

Levels and vault maps discovered:
D:1:      ncdulo_watergridlock, layout_rooms
D:2:      minmay_diamond_boxcup, layout_loops_ring
D:3:      layout_loops_ring, zin_angel, serial_shops, shop,
          dreamdust_ecumenical_altar_drowned_temple, minmay_misc_feat_rugged,
          uniq_grinder
D:4:      layout_loops_ring, minmay_temple_entry_nine_rooms
D:5:      minmay_polygon_palace, layout_loops_ring, xom_teletrap_fun,
          slow_altar_2
D:6:      layout_basic, kennysheep_crisscross
Temple:   cyrus_circular_temple

Skill      XL: |  1  2  3  4  5  6  7  8 |
---------------+-------------------------+-----
Fighting       | 3 4 5 |  5.0
Staves         | 1 3 4 5 |  5.0
Evocations     | 3 5 |  5.0
Conjurations   | 2 5 |  5.0
Invocations    | 4 |  4.9
Short Blades   | |  4.0
Axes           | |  3.0
Armour         | |  1.0

Action                   |  1- 3 |  4- 6 |  7- 9 || total
-------------------------+-------+-------+-------++-------
Melee: Short sword       |    82 |    94 |   174 ||   350
       Punch             |       |     1 |     1 ||     2
 Abil: Evoke Invisibilit |       |       |     1 ||     1
Evoke: Wand              |       |       |    11 ||    11
  Use: Scroll            |     6 |     2 |     7 ||    15
       Potion            |       |     2 |     8 ||    10
 Stab: Invisible         |       |     2 |     5 ||     7
Armor: Leather armour    |    26 |       |       ||    26
       Ring mail         |     2 |    36 |    73 ||   111
       Skin              |       |    10 |       ||    10
Dodge: Dodged            |    45 |    28 |    95 ||   168

Table legend: (Time is in decaauts)
 A = Elapsed time spent in this place.
 B = Non-inter-level travel time spent in this place.
 C = Inter-level travel time spent in this place.
 D = Time resting spent in this place.
 E = Time spent auto-exploring this place.
 F = Levels seen in this place.
 G = Mean time per level.
                   A        B        C        D        E       F      G
               +--------+--------+--------+--------+--------+-----+--------+
         Total |   5620 |   5359 |    261 |   1064 |   2749 |   7 |  802.9 |
       Dungeon |   5553 |   5292 |    261 |   1064 |   2707 |   6 |  925.5 |
        Temple |     66 |     66 |      0 |      0 |     42 |   1 |   66.0 |
               +--------+--------+--------+--------+--------+-----+--------+

Top non-repeatable levels by time:
     D:4: 1773 daAuts
     D:3: 1089 daAuts
     D:5: 939 daAuts
     D:1: 922 daAuts
     D:2: 732 daAuts
     D:6: 96 daAuts
  Temple: 66 daAuts
